 Dungeon Crawl Stone Soup version 0.24.0-13-gcf9b3192b9 (webtiles) character file.

Game seed: 18225946172418735168, levelgen mode: deterministic

86 Descartes the Insei (level 4, -3/22 HPs)
             Began as a Vine Stalker Transmuter on Nov 8, 2019.
             Slain by a scorpion (5 damage)
             ... on level 3 of the Dungeon.
             The game lasted 00:04:28 (2888 turns).

Descartes the Insei (Vine Stalker Transmuter)       Turns: 2888, Time: 00:04:28

Health: -3/22      AC:  4    Str: 14    XL:     4   Next: 49%
Magic:  0/8        EV: 12    Int: 13    God:
Gold:   65         SH:  0    Dex: 17    Spells: 5/8 levels left

rFire    . . .     SeeInvis .     - Unarmed
rCold    . . .     Gourm    .   (no shield)
rNeg     . . .     Faith    .   q - +0 leather armour
rPois    .         Spirit   +   (no helmet)
rElec    .         Reflect  .   y - +0 cloak
rCorr    .         Harm     .   (no gloves)
MR       .....                  (no boots)
Stlth    ++........             c - amulet of the acrobat
HPRegen  0.47/turn              e - +3 ring of dexterity
MPRegen  0.11/turn              (no ring)

@: lethally poisoned (-3 -> -7)
A: fangs 2, regeneration 1, magic shield, antimagic bite, no potion heal 3, rot
immunity
a: no special abilities


You were on level 3 of the Dungeon.
You were not hungry.

You visited 1 branch of the dungeon, and saw 3 of its levels.

You collected 65 gold pieces.

Inventory:

Hand Weapons
 f - a +0 hunting sling
 l - a +0 rapier
Missiles
 a - 18 arrows
 g - 42 sling bullets
 h - 28 stones
 r - 5 large rocks
 u - 8 boomerangs (quivered)
Armour
 q - a +0 leather armour (worn)
 y - a +0 cloak (worn)
Jewellery
 c - an amulet of the acrobat (around neck)
 e - a +3 ring of dexterity (left hand)
Scrolls
 b - a scroll of immolation {unknown}
 i - a scroll of remove curse
 j - a scroll of amnesia {unknown}
 k - a scroll of fog
 n - 3 scrolls of magic mapping {unknown}
 o - 3 scrolls of teleportation
 s - a scroll of enchant armour {unknown}
 t - 3 scrolls of identify {unknown}
 x - a scroll of fear {unknown}
Potions
 m - a potion of curing
 p - a potion of berserk rage {unknown}
 w - a potion of ambrosia {unknown}
 z - a potion of haste {unknown}
Comestibles
 d - 5 rations
 v - a chunk of flesh


   Skills:
 + Level 1.4 Fighting
 + Level 1.0 Armour
 + Level 1.9 Dodging
 + Level 1.3 Stealth
 * Level 3.5 Unarmed Combat
 + Level 2.6 Spellcasting
 * Level 2.6 Transmutations


You had 5 spell levels left.
You knew the following spells:

 Your Spells              Type           Power        Failure   Level  Hunger
a - Beastly Appendage     Tmut           #.....       10%         1    #......
b - Sticks to Snakes      Tmut           #.......     16%         2    ###....

Your spell library contained the following spells:

 Spells                   Type           Power        Failure   Level  Hunger
 Spider Form              Tmut/Pois      #.........   45%         3    ###....
 Ice Form                 Ice/Tmut       #.......     86%         4    #####..
 Blade Hands              Tmut           #.........   95%         5    ######.


Dungeon Overview and Level Annotations

Branches:
Dungeon (3/15)

Altars:
Okawaru
Vehumet

Annotations:
D:3 1 transporter


Innate Abilities, Weirdness & Mutations

You have extremely sharp teeth.
Your natural rate of healing is unusually fast.
When hurt, damage is shared between your health and your magic reserves.
Your bite disrupts and absorbs the magic of your enemies.
Potions cannot restore your health.
You are immune to rotting.


Message History

You hit the scorpion but do no damage.
You bite the scorpion, but do no damage.
The scorpion is lightly wounded.
The scorpion stings you!
* * * LOW HITPOINT WARNING * * *
It was a potion of curing.
Your system rejects the healing.
You feel better. The scorpion stings you.
* * * LOW HITPOINT WARNING * * *
You hit the scorpion.
The scorpion is moderately wounded.
The scorpion stings you.
* * * LOW HITPOINT WARNING * * *
You are lethally poisoned!
The scorpion poisons you!
You hit the scorpion.
You bite the scorpion, but do no damage.
The scorpion is heavily wounded.
* * * LOW HITPOINT WARNING * * *
You feel sick. The scorpion stings you.
You die...

. .# ####.###
######......
#.........#
#..)......# .#
#..@s.....#.#. .#
#............. .#
#######.###..# .#
#...# #...# #.. >#
#.#.#####.#..... .#
#.............._.
.#
#.#.#####.#......
.#
#.#.#.#####.#?.#...
## #.........#.. .#
.#


You could see a scorpion.

Vanquished Creatures
  2 adders (D:2)
  3 worms
  3 dart slugs
  3 leopard geckos
  An orc (D:3)
  A ball python (D:1)
  2 giant cockroaches
  6 goblins
  4 hobgoblins
  5 jackals
  A quokka (D:2)
  7 bats
  3 frilled lizards
  5 kobolds
  2 rats (D:3)
48 creatures vanquished.

Vanquished Creatures (others)
  A bat (D:3)
1 creature vanquished.

Grand Total: 49 creatures vanquished

Notes
Turn   | Place    | Note
-------+----------+-------------------------------------------
     0 | D:1      | Descartes the Vine Stalker Transmuter began the quest for
                  | the Orb.
     0 | D:1      | Reached XP level 1. HP: 9/9 MP: 4/4
     6 | D:1      | Reached skill level 1 in Fighting
   191 | D:1      | Reached XP level 2. HP: 10/14 MP: 4/6
  1169 | D:1      | Reached XP level 3. HP: 18/18 MP: 7/7
  1181 | D:1      | Reached skill level 1 in Stealth
  1663 | D:2      | Learned a level 2 spell: Sticks to Snakes
  2134 | D:2      | Gained mutation: Your natural rate of healing is unusually
                  | fast. [Vine Stalker growth]
  2134 | D:2      | Reached XP level 4. HP: 21/22 MP: 8/8
  2625 | D:3      | Found a radiant altar of Vehumet.
  2779 | D:3      | Found a transporter.
  2832 | D:3      | Reached skill level 1 in Armour
  2868 | D:3      | Found an iron altar of Okawaru.
  2888 | D:3      | Slain by a scorpion

Levels and vault maps discovered:
D:1:      co_arrival_square_in_a_square_in_a_square, layout_loops_ring,
          minmay_misc_feat_roman
D:2:      layout_loops_ring
D:3:      layout_basic, fiery_altar_vehumet, gammafunk_ghost_mausoleum,
          okawaru_gym_becter

Skill      XL: |  1  2  3  4 |
---------------+-------------+-----
Fighting       | 1 |  1.4
Stealth        | 1 |  1.3
Armour         | 1 |  1.0
Dodging        | |  1.9
Unarmed Combat | |  3.5
Spellcasting   | |  2.6
Transmutations | |  2.6

Action                   |  1- 3 |  4- 6 || total
-------------------------+-------+-------++-------
Melee: Unarmed           |    99 |    82 ||   181
       Bite              |    20 |    23 ||    43
       Punch             |     3 |     1 ||     4
       Headbutt          |     1 |     2 ||     3
 Cast: Beastly Appendage |     1 |     1 ||     2
  Use: Potion            |     1 |     1 ||     2
       Scroll            |       |     3 ||     3
 Stab: Sleeping          |     5 |       ||     5
  Eat: Chunk             |     3 |     3 ||     6
Armor: Robe              |    13 |       ||    13
       Leather armour    |     1 |    13 ||    14
Dodge: Dodged            |    63 |    64 ||   127
